 Dungeon Crawl Stone Soup version 0.18.1-6-gd335043 (webtiles) character file.

5785 Hipnos the Thaumaturge (level 10, -2/44 HPs)
             Began as a Vine Stalker Fire Elementalist on May 15, 2016.
             Was a Follower of Vehumet.
             Slain by an orc warrior
             ... wielding a +0 war axe
              (8 damage)
             ... on level 9 of the Dungeon.
             The game lasted 00:36:06 (7865 turns).

Hipnos the Thaumaturge (VSFE)                       Turns: 7865, Time: 00:36:06

Health: -2/44      AC:  8    Str: 16    XL:     10   Next: 78%
Magic:  0/24       EV: 14    Int: 18    God:    Vehumet [*.....]
Gold:   680        SH:  0    Dex: 15    Spells: 6 memorised, 11 levels left

rFire  . . .     SeeInvis .     s - +0 flail (crush)
rCold  + . .     Gourm    .     L - +2 robe {rC+}
rNeg   . . .     Faith    .     (no shield)
rPois  +         Spirit   +     e - +0 helmet
rElec  .         Dismiss  .     w - +1 cloak
rCorr  .         Reflect  .     (no gloves)
SustAt .         Harm     .     A - +0 pair of boots
MR     +....                    (no amulet)
Stlth  ++........               r - +5 ring of strength
                                i - ring of poison resistance

@: somewhat resistant to hostile enchantments, unstealthy
A: fangs 3, regeneration 2, magic shield, antimagic bite, no device heal 3, rot
immunity
a: Renounce Religion


You were on level 9 of the Dungeon.
You worshipped Vehumet.
Vehumet was aware of your devotion.
You were not hungry.

You visited 2 branches of the dungeon, and saw 10 of its levels.

You collected 680 gold pieces.

Inventory:

Hand Weapons
 n - a +0 dagger
 p - a +1 short sword of freezing
 s - a +0 flail of crushing (weapon)
 C - a +1 whip of flaming
 G - the +12 morningstar of Disgust {antimagic, rN+ MP+9}
   (You found it on level 7 of the Dungeon)

   It disrupts the flow of magical energy around spellcasters and certain
   magical creatures (including the wielder).
   It protects you from negative energy.
   It affects your magic capacity (+9).
Armour
 e - a +0 helmet (worn)
 w - a +1 cloak (worn)
 A - a +0 pair of boots (worn)
 H - a +2 leather armour of magic resistance
 L - a +2 robe of cold resistance (worn)
Jewellery
 i - a ring of poison resistance (left hand)
 r - a +5 ring of strength (right hand)
 E - an uncursed ring of stealth
 M - a cursed +2 amulet of reflection {unknown}
 R - a cursed -3 ring of strength
Wands
 F - a wand of disintegration (16/24)
 N - a wand of iceblast (5/15)
Scrolls
 g - 5 scrolls of identify
 o - 2 scrolls of enchant armour {unknown}
 t - 3 scrolls of amnesia
 v - 2 scrolls of enchant weapon {unknown}
 x - a scroll of remove curse
 y - a scroll of fog
 B - a scroll of random uselessness {unknown}
Potions
 d - 4 potions of curing
 f - 4 potions of cure mutation {unknown}
 h - 2 potions of degeneration {unknown}
 j - 3 potions of heal wounds
 k - a potion of haste {unknown}
 m - a potion of flight {unknown}
 q - a potion of agility
 u - a potion of lignification
 K - a potion of might {unknown}
 P - a potion of berserk rage {unknown}
Books
 b - a book of Flames

   Spells                             Type                      Level
   a - Flame Tongue                   Conjuration/Fire             1
   b - Throw Flame                    Conjuration/Fire             2
   c - Conjure Flame                  Conjuration/Fire             3
   d - Inner Flame                    Hexes/Fire                   3
   e - Sticky Flame                   Conjuration/Fire             4
   f - Fireball                       Conjuration/Fire             5
 z - a book of Spatial Translocations

   Spells                             Type                      Level
   a - Apportation                    Translocation                1
   b - Blink                          Translocation                2
   c - Shroud of Golubria             Charms/Translocation         2
   d - Portal Projectile              Translocation                3
   e - Teleport Other                 Translocation                3
   f - Passage of Golubria            Translocation                4
 I - a book of Annihilations

   Spells                             Type                      Level
   a - Poison Arrow                   Conjuration/Poison           6
   b - Chain Lightning                Conjuration/Air              8
   c - Lehudib's Crystal Spear        Conjuration/Earth            8
   d - Glaciate                       Conjuration/Ice              9
   e - Fire Storm                     Conjuration/Fire             9
 Q - a book of Unlife

   Spells                             Type                      Level
   a - Recall                         Summoning/Translocation      3
   b - Animate Dead                   Necromancy                   4
   c - Control Undead                 Necromancy                   4
   d - Cigotuvi's Embrace             Necromancy                   5
   e - Death Channel                  Necromancy                   6
   f - Simulacrum                     Ice/Necromancy               6
Miscellaneous
 J - a disc of storms
Comestibles
 a - a beef jerky
 c - 8 bread rations
 l - 3 meat rations
 D - a royal jelly
 O - a chunk of flesh


   Skills:
 - Level 1.9 Short Blades
 - Level 0.1 Maces & Flails
 - Level 4.5 Dodging
 - Level 2.4 Stealth
 * Level 9.9 Spellcasting
 + Level 6.3 Conjurations
 * Level 2.7 Translocations
 * Level 9.2 Fire Magic


You had 11 spell levels left.
You knew the following spells:

 Your Spells              Type           Power        Failure   Level  Hunger
a - Flame Tongue          Conj/Fire      #####        1%          1    None
b - Throw Flame           Conj/Fire      #####.       1%          2    None
c - Conjure Flame         Conj/Fire      #####...     1%          3    None
d - Sticky Flame          Conj/Fire      #####...     3%          4    ###....
e - Fireball              Conj/Fire      #####.....   12%         5    #####..
f - Blink                 Tloc           N/A          4%          2    None


Dungeon Overview and Level Annotations

Branches:
Dungeon (9/15)             Temple (1/1) D:7            Lair (0/8) D:9
    Orc: D:9-12

Altars:
Ashenzari
Cheibriados
Elyvilon
Fedhas
Gozag
Kikubaaqudgha
Makhleb
Nemelex Xobeh
Okawaru
Pakellas
Ru
Trog
Vehumet
Zin
The Shining One

Shops:
D:6 (

Annotations:
D:5 Malhgor's ghost, novice DDHu


Innate Abilities, Weirdness & Mutations

You have razor-sharp teeth.
You heal very quickly.
When hurt, damage is shared between your health and your magic reserves.
Your bite disrupts and absorbs the magic of your enemies.
Potions and wands cannot restore your health.
You are immune to rotting.


Message History

You hit the orc warrior but do no damage.
Your bite misses the orc warrior.
The orc warrior is lightly wounded.
The orc warrior hits you with a war axe!
You barely miss the orc warrior.
The orc warrior is lightly wounded.
The orc warrior barely misses you.
You barely miss the orc warrior.
You bite the orc warrior, but do no damage.
The orc warrior is lightly wounded.
The orc warrior hits you with a war axe!
You closely miss the orc warrior. Your bite misses the orc warrior.
The orc warrior is lightly wounded.
The orc warrior hits you with a war axe!
You hit the orc warrior but do no damage.
The orc warrior is lightly wounded.
The orc warrior hits you with a war axe!
* * * LOW HITPOINT WARNING * * *
The orc warrior hits you with a war axe!
You die...

.....#................# #.#####
.#.....#########+###'######.#####
.......+.............#...........
.......###....##.#####.......####
.<..........#.##.# #...........
.†)##.#######.##.# #......#####
.................# #......#
......#######.########)....######
##....#.......>.@o)..............
##.##.#...###.#######.>##########
....#.#.........# ####
##..#.#...###.#.#
#..#.#.......#.# #..#.#.........#
##..#.########### ..........#
....#.###.#######################


You could see an orc warrior.

Vanquished Creatures
  Pikel (D:5)
  Psyche (D:8)
  Grinder (D:5)
  Prince Ribbit (D:6)
  3 yaks (D:9)
  Menkaure (D:4)
  A hippogriff (D:7)
  2 hungry ghosts
  Edmund (D:6)
  Duvessa (D:6)
  A sky beast (D:9)
  3 orc warriors (D:9)
  3 phantoms
  6 ogres
  2 black bears
  3 centaurs
  4 giant frogs
  A water moccasin zombie (D:6)
  Dowan (D:6)
  3 killer bees (D:6)
  A howler monkey (D:6)
  2 jellies
  A centaur zombie (D:8)
  6 crimson imps
  2 orc priests
  A centaur skeleton (D:9)
  2 giant frog skeletons
  2 hounds (D:6)
  9 orc wizards
  Jessica (D:3)
  2 iguanas
  Terence (D:3)
  7 worker ants
  A killer bee zombie (D:6)
  A howler monkey zombie (D:5)
  Robin (D:3)
  A worker ant zombie (D:5)
  6 gnolls
  10 adders
  A river rat (D:9)
  A shadow imp (D:7)
  4 adder skeletons
  4 worms
  3 dart slugs
  7 giant geckos
  31 orcs
  2 ball pythons
  6 giant cockroaches
  18 goblins
  10 hobgoblins
  3 jackals (D:6)
  2 quokkas
  7 bats
  3 giant newts
  9 kobolds
  A quokka zombie (D:7)
  8 rats
217 creatures vanquished.

Vanquished Creatures (others)
  A shadow imp (D:5)
1 creature vanquished.

Grand Total: 218 creatures vanquished

Notes
Turn   | Place    | Note
--------------------------------------------------------------
     0 | D:1      | Hipnos the Vine Stalker Fire Elementalist began the quest for the Orb.
     0 | D:1      | Reached XP level 1. HP: 9/9 MP: 4/4
   123 | D:1      | Reached XP level 2. HP: 11/13 MP: 3/6
   165 | D:1      | Learned a level 2 spell: Throw Flame
   629 | D:2      | Reached XP level 3. HP: 16/16 MP: 1/7
  1181 | D:3      | Noticed Jessica
  1207 | D:3      | Killed Jessica
  1207 | D:3      | Reached XP level 4. HP: 13/21 MP: 7/9
  1388 | D:3      | Found a shattered altar of Ashenzari.
  1419 | D:3      | Noticed Terence
  1422 | D:3      | Reached XP level 5. HP: 23/24 MP: 7/11
  1461 | D:3      | Killed Terence
  1612 | D:3      | Noticed Robin
  1637 | D:3      | Killed Robin
  2055 | D:4      | Found an oddly glowing altar of Pakellas.
  2108 | D:4      | Gained mutation: You heal very quickly. [Vine Stalker growth]
  2108 | D:4      | Reached XP level 6. HP: 4/28 MP: 5/13
  2258 | D:4      | Found a glowing silver altar of Zin.
  2259 | D:4      | Noticed a phantom
  2282 | D:4      | Killed a phantom
  2462 | D:4      | Found an iron altar of Okawaru.
  2501 | D:4      | Found an ancient bone altar of Kikubaaqudgha.
  2576 | D:4      | Noticed Menkaure
  2584 | D:4      | Killed Menkaure
  2584 | D:4      | Reached skill level 5 in Spellcasting
  2584 | D:4      | Reached skill level 5 in Fire Magic
  2584 | D:4      | Reached XP level 7. HP: 15/32 MP: 2/15
  2834 | D:5      | Entered Level 5 of the Dungeon
  2930 | D:5      | Noticed Grinder
  2945 | D:5      | Killed Grinder
  2945 | D:5      | Gained mutation: You have razor-sharp teeth. [Vine Stalker growth]
  2945 | D:5      | Reached XP level 8. HP: 27/36 MP: 0/17
  3158 | D:5      | Noticed Pikel
  3227 | D:5      | Killed Pikel
  3227 | D:5      | Reached skill level 1 in Short Blades
  3500 | D:5      | Noticed Malhgor's ghost (novice DDHu)
  3517 | D:6      | Found Jill's Antique Weapon Boutique.
  3573 | D:6      | Found a blossoming altar of Fedhas.
  3643 | D:6      | Reached XP level 9. HP: 34/39 MP: 20/20
  3769 | D:6      | Noticed Prince Ribbit
  3903 | D:6      | Found a sparkling altar of Nemelex Xobeh.
  3903 | D:6      | Found a white marble altar of Elyvilon.
  3947 | D:6      | Killed Prince Ribbit
  4164 | D:6      | Learned a level 3 spell: Conjure Flame
  4169 | D:6      | Learned a level 4 spell: Sticky Flame
  4175 | D:6      | Learned a level 5 spell: Fireball
  4177 | D:6      | Noticed Duvessa
  4178 | D:6      | Noticed Dowan
  4205 | D:6      | Killed Duvessa
  4218 | D:6      | Killed Dowan
  4245 | D:6      | Noticed Edmund
  4305 | D:6      | Killed Edmund
  4305 | D:6      | Reached skill level 5 in Conjurations
  4590 | D:7      | Found a sacrificial altar of Ru.
  5100 | D:7      | Found a staircase to the Ecumenical Temple.
  5107 | D:7      | Got a crude morningstar
  5108 | D:7      | Identified the +12 morningstar of Disgust {antimagic, rN+ MP+9} (You found it on level 7 of the Dungeon)
  5117 | Temple   | Entered the Ecumenical Temple
  5128 | Temple   | Became a worshipper of Vehumet
  5328 | D:7      | Reached XP level 10. HP: 22/44 MP: 4/23
  5670 | D:7      | Learned a level 2 spell: Blink
  6078 | D:8      | Reached * piety under Vehumet
  6078 | D:8      | Offered knowledge of Freeze by Vehumet.
  6144 | D:8      | Noticed Psyche
  6160 | D:8      | Killed Psyche
  6160 | D:8      | Reached skill level 1 in Translocations
  7470 | D:9      | Found a staircase to the Lair.
  7851 | D:9      | Offered knowledge of Magic Dart by Vehumet.
  7865 | D:9      | Slain by an orc warrior

Skill      XL: |  1  2  3  4  5  6  7  8  9 10 |
---------------+-------------------------------+-----
Fire Magic     | 4 5 6 8 9 |  9.2
Spellcasting   | 3 4 5 6 8 9 |  9.9
Conjurations   | 2 3 4 5 6 |  6.3
Dodging        | 2 4 |  4.5
Short Blades   | 1 |  1.9
Translocations | 2 |  2.7
Maces & Flails | |  0.1
Stealth        | |  2.4

Action                   |  1- 3 |  4- 6 |  7- 9 | 10-12 || total
-------------------------+-------+-------+-------+-------++-------
Melee: Unarmed           |     8 |       |       |       ||     8
       Bite              |     5 |    17 |    54 |    75 ||   151
       Dagger            |     7 |     9 |       |       ||    16
       Short sword       |       |    85 |   138 |       ||   223
       Flail             |       |       |    54 |   228 ||   282
 Cast: Flame Tongue      |    70 |    71 |   125 |    43 ||   309
       Sticky Flame      |       |       |    16 |     6 ||    22
       Conjure Flame     |       |       |     4 |     4 ||     8
       Fireball          |       |       |       |     3 ||     3
       Throw Flame       |       |       |       |     1 ||     1
  Use: Scroll            |     7 |     1 |     5 |       ||    13
 Stab: Sleeping          |     3 |     4 |     2 |     3 ||    12
  Eat: Chunk             |     2 |     4 |    11 |    13 ||    30
Armor: Robe              |     8 |    30 |    72 |    70 ||   180
       Leather armour    |       |       |       |    20 ||    20
Dodge: Dodged            |    41 |    86 |   228 |   200 ||   555
